 Dungeon Crawl Stone Soup version 0.31.0-32-g396128a36d (webtiles) character file.

Game seed: 3550379045256151626

223886 fasolt the Necromancer (level 18, -3/91 (93) HPs)
             Began as a Felid Summoner on Apr 7, 2024.
             Was a High Priest of Jiyva.
             Killed by miscasting Infestation (13 damage)
             ... on level 2 of the Snake Pit on Apr 8, 2024.
             The game lasted 02:59:22 (29226 turns).

fasolt the Necromancer (Felid Summoner)            Turns: 29226, Time: 02:59:23

HP:   -3/91 (93)    AC:  7    Str:  3    XL:     18   Next: 95%
MP:   1/33          EV: 26    Int: 25    God:    Jiyva [*****.]
Gold: 1553          SH:  0    Dex: 22    Spells: 4/45 levels left
                                        Lives: 0   Deaths: 6

rFire   . . .        (weapon unavailable)
rCold   + . .        (shield unavailable)
rNeg    . . .        (body armour unavailable)
rPois   .            (helmet unavailable)
rElec   .            (cloak unavailable)
rCorr   +            (gloves unavailable)
SInv    +            (boots unavailable)
Will    +++++        L - amulet of magic regeneration
Stlth   +++++        e - ring of wizardry
HPRegen 2.59/turn    I - +4 ring of protection
MPRegen 1.35/turn

%: wizardry (x1)
@: lethally poisoned (-3 -> -3), very slightly contaminated, lightly drained
A: very small, claws 1, fangs 3, see invisible, shaggy fur 3, stealthy paws, no
weapons or thrown items, no armour, multi-lived, agile 1, low MP 1,
strong-willed 3, regeneration 1, engulf
a: Renounce Religion, Oozemancy, Slimify


You were on level 2 of the Snake Pit.
You worshipped Jiyva.
Jiyva was extremely pleased with you.
You visited 6 branches of the dungeon, and saw 29 of its levels.
You also visited: Ossuary and Bailey.

You collected 2467 gold pieces.
You spent 914 gold pieces at shops.

Inventory:

Jewellery
 e - a ring of wizardry (left paw)
 H - a +6 ring of dexterity
 I - a +4 ring of protection (right paw)
 L - an amulet of magic regeneration (around neck)
Wands
 m - a wand of polymorph (8)
 r - a wand of roots (29)
 w - a wand of charming (13)
 G - a wand of acid (9)
Scrolls
 f - 2 scrolls of teleportation
 l - 6 scrolls of poison
 o - a scroll of torment
 s - 6 scrolls of vulnerability
 x - a scroll of immolation
 z - 4 scrolls of fog
 E - 3 scrolls of fear
 F - a scroll of revelation
 K - 5 scrolls of identify
 M - 2 scrolls of noise
Potions
 a - 3 potions of magic
 b - 2 potions of heal wounds
 c - 3 potions of cancellation
 d - 5 potions of lignification
 g - a potion of ambrosia {unknown}
 h - 7 potions of enlightenment
 i - 2 potions of curing
 j - 3 potions of brilliance
 n - 3 potions of mutation
 p - 3 potions of attraction
 q - 6 potions of might
 v - 4 potions of invisibility
 B - 7 potions of haste
 C - 2 potions of resistance


   Skills:
 - Level 10.0 Fighting
 - Level 10.0 Dodging
 - Level 10.0 Stealth
 - Level 14.0 Spellcasting
 - Level 11.0 Summonings
 + Level 18.7 Necromancy
 - Level 5.0 Fire Magic
 - Level 5.0 Air Magic
 - Level 6.0 Earth Magic


You had 4 spell levels left.
You knew the following spells:

 Your Spells              Type           Power      Damage    Failure   Level
a - Summon Small Mammal   Summ           100%       N/A       1%          1
b - Call Imp              Summ           100%       N/A       1%          2
d - Summon Blazeheart Go  Fire/Summ      55%        N/A       1%          4
e - Summon Lightning Spi  Summ/Air       55%        N/A       1%          4
f - Animate Dead          Necr           84%        N/A       0%          4
g - Death Channel         Necr           42%        N/A       1%          6
h - Borgnjor's Vile Clut  Necr/Erth      34%        N/A       1%          5
i - Infestation           Necr           42%        N/A       4%          8
j - Haunt                 Necr/Summ      37%        N/A       2%          7

Your spell library contained the following spells:

 Spells                   Type           Power      Damage    Failure   Level
 Sublimation of Blood     Necr           84%        N/A       0%          2
 Vampiric Draining        Necr           84%        2d12      0%          3
 Dispel Undead            Necr           84%        3d27      0%          4
 Apportation              Tloc           34%        N/A       1%          1
 Kiss of Death            Conj/Necr      100%       2d13      1%          1
 Magic Dart               Conj           68%        1d6       1%          1
 Jinxbite                 Hex            34%        N/A       1%          2
 Searing Ray              Conj           34%        2d5       1%          2
 Call Canine Familiar     Summ           64%        N/A       1%          3
 Inner Flame              Hex/Fire       30%        N/A       1%          3
 Mephitic Cloud           Conj/Alch/Air  25%        N/A       1%          3
 Summon Ice Beast         Ice/Summ       45%        N/A       1%          3
 Martyr's Knell           Necr/Summ      75%        N/A       1%          4
 Confusing Touch          Hex            17%        N/A       4%          3
 Hailstorm                Conj/Ice       17%        3d6       4%          3
 Leda's Liquefaction      Alch/Erth      16%        N/A       4%          4
 Vhi's Electric Charge    Tloc/Air       60%        N/A       4%          4
 Fulminant Prism          Conj/Alch      8%         3d7       13%         4
 Curse of Agony           Necr           84%        N/A       1%          5
 Lee's Rapid Deconstruct  Erth           23%        3d13*     3%          5
 Borgnjor's Revivificati  Necr           42%        N/A       4%          8
 Arcjolt                  Conj/Air       15%        1d25      13%         5
 Plasma Beam              Fire/Air       21%        2x1d33    26%         6
 Alistair's Intoxication  Alch           11%        N/A       32%         5
 Irradiate                Conj/Alch      8%         3d14      32%         5
 Bombard                  Conj/Erth      16%        9d3       47%         6
 Death's Door             Necr           42%        N/A       50%         9
 Sculpt Simulacrum        Ice/Alch       8%         N/A       86%         6
 Ignition                 Fire           21%        3d8       100%        8
 Maxwell's Capacitive Co  Air            21%        ∞         100%        8


Dungeon Overview and Level Annotations

Branches:
Dungeon (15/15)            Temple (1/1) D:6            Lair (5/5) D:11
 Shoals (0/4) Lair:2        Snake (2/4) Lair:2        Slime (4/5) Lair:5
    Orc (2/2) D:10            Elf (0/3) Orc:2        Depths (0/4) D:15
Ossuary (visited)          Bailey (visited)
 Vaults: D:13-14

Altars:
Ashenzari
Cheibriados
Dithmenos
Elyvilon
Fedhas
Gozag
Hepliaklqana
Kikubaaqudgha
Makhleb
Nemelex Xobeh
Okawaru
Qazlal
Ru
Sif Muna
Trog
Uskayaw
Vehumet
Wu Jian
Xom
Yredelemnul
Zin
The Shining One
Jiyva

Shops:
D:5 *   D:14 *   Orc:1 **!   Orc:2 ([*(

Portals:
Trove: D:11 (give 18 potions of curing)

Annotations:
D:14 3 runed translucent doors


Innate Abilities, Weirdness & Mutations

You have sharp claws.
You have razor-sharp teeth.
You have supernaturally acute eyesight. (SInv)
Your thick and shaggy fur keeps you warm. (AC +3, rC+)
Your paws help you pounce on unaware monsters.
You are incapable of wielding weapons or throwing items.
You cannot wear armour.
You gain extra lives every three experience levels.
You are agile. (Dex +4, Str/Int -1)
Your magical capacity is low. (-10% MP)
You are extremely strong-willed. (Will+++)
Your natural rate of healing is unusually fast.
Your melee attacks may engulf your foes in ooze.


Message History

Your death scarab drains Aizul's vigour!
Aizul seems to slow down.
Your death scarab draws strength from Aizul's injuries!
Aizul closely misses your death scarab.
You hear a slurping noise.
You feel very sick.
Your death scarab closely misses Aizul.
Aizul barely misses your death scarab.
Your death scarab barely misses Aizul.
You feel very sick.
Your death scarab completely misses Aizul.
Your death scarab closely misses Aizul.
Your death scarab bites Aizul!
Your death scarab drains Aizul's vigour!
Aizul seems to slow down.
Your death scarab draws strength from Aizul's injuries!
Aizul hits your death scarab!
You feel sick.
Your death scarab closely misses Aizul.
Your death scarab bites Aizul!
Your death scarab drains Aizul's vigour!
Aizul seems to slow down.
Your death scarab draws strength from Aizul's injuries!
Aizul hits your death scarab but does no damage.
You feel sick.
Your death scarab misses Aizul. x2
Aizul hits your death scarab!
Your death scarab bites Aizul!!
Your death scarab draws strength from Aizul's injuries!
You feel sick.
Your death scarab misses Aizul.
Aizul hits your death scarab!
Your death scarab bites Aizul!
Your death scarab draws strength from Aizul's injuries!
Your death scarab bites Aizul.
Aizul dies!
Kikubaaqudha cackles.
Aizul the Neglectful Guardian comes into view.
Casting: Infestation (dangerous; 4% risk of failure)
Confirm with . or Enter, or press ? or * to list all spells.
Aiming: Infestation (dangerous; 4% risk of failure)
Press: ? - help, Dir - move target, f - Aizul
Aim: Aizul the guardian serpent zombie (ally target)
You miscast Infestation.
You are very lightly contaminated with residual magic.
Your flesh rots away!
You feel drained.
You die...

#.......#... #...###...#.
#...###W.... #.....WW#†.. .
#..(..WSJ... ..### ###...W#.J..#
.....######.......#....#
........BBZ.###...#..>.#
#.....@JB# #..###.####
.....##.#B# #..## #.# ..J
##..#.###.#####.# .
#.........#.....#
#...^....##.###.# ###
#........#..# #.#### ..# ....
####......###.## #.##.. ..#
.....##....##...###.####.##..
..#...#.......#...###.....#.<.#..


You could see Aizul the guardian serpent zombie (ally target), a neutral slime
creature (wandering) (fellow slime), a friendly azure jelly (summoned) and 4
friendly death scarabs.

Vanquished Creatures
  3 acid blobs
  A formless jellyfish (Slime:4)
  A dire elephant (Lair:3)
  5 hydras
  Erolcha (D:13)
  A tengu warrior (D:13)
  2 centaur warriors (D:13)
  A two-headed ogre (D:11)
  2 boulder beetles
  2 death yaks (Lair:4)
  A naga warrior (Snake:1)
  A skeletal warrior (D:15)
  2 orc knights
  An orc sorcerer (Orc:1)
  An ugly thing (D:14)
  A cyclops (D:15)
  A manticore (D:13)
  Maurice (D:11)
  2 kobold blastminers (Orc:2)
  2 black mambas
  2 torpor snails
  3 cane toads
  A gargoyle (D:12)
  2 komodo dragons
  Jeremiah (D:6)
  An unseen horror zombie (D:8)
  An efreet (D:13)
  2 trolls
  A polar bear (Lair:5)
  3 blink frogs
  2 hornets
  An ugly thing zombie (D:12)
  2 slime creatures
  A shadow (D:12)
  A wyvern (Lair:5)
  3 wraiths
  12 yaks
  A human (Lair:5)
  2 basilisks (Lair:1)
  2 wargs
  2 redbacks (Lair:5)
  5 orc warriors
  An ice beast (D:6)
  4 ogres
  A sky beast (D:7)
  2 wolves (Lair:2)
  A boggart (D:14)
  A kobold brigand (D:12)
  A bullfrog (Lair:1)
  A komodo dragon zombie (Lair:1)
  A gnoll sergeant (D:10)
  A scorpion (D:5)
  2 jellies (Orc:1)
  A howler monkey (D:14)
  2 centaur zombies
  3 orc priests
  An ogre zombie (D:13)
  A gnoll bouda (D:10)
  5 orc wizards
  2 killer bee zombies
  A river rat (Lair:2)
  9 orcs
  3 endoplasms
  A giant cockroach (D:3)
  2 goblins
  A hobgoblin (D:2)
  A jackal (D:1)
  A quokka (D:1)
  3 ball pythons
  6 bats
  3 frilled lizards
  5 kobolds
  2 kobold zombies
  7 orc zombies
  4 rats
163 creatures vanquished.

Vanquished Creatures (collateral kills)
  Donald (Orc:2)
  3 azure jellies (Slime:4)
  Kirke (Lair:5)
  Aizul (Snake:2)
  A rockslime (Slime:3)
  An orc warlord (Orc:2)
  2 quicksilver oozes (Slime:4)
  A stone giant (D:15)
  Fannar (D:10)
  A hydra (Lair:5)
  A great orb of eyes (Slime:2)
  2 rakshasas
  2 centaur warriors
  A two-headed ogre (Orc:2)
  A death yak (Lair:4)
  2 anacondas (Snake:1)
  2 naga warriors
  2 tengu warriors (D:15)
  4 orc high priests
  A shock serpent (Snake:2)
  4 naga sharpshooters
  Sonja (D:10)
  3 skeletal warriors (D:15)
  3 naga ritualists
  6 mana vipers
  A harpy (shapeshifter) (D:14)
  An anaconda zombie (Snake:1)
  4 orc knights
  2 ugly thing zombies (D:14)
  A wolf spider (Lair:5)
  5 cyclopes
  2 orc sorcerers
  A stone giant zombie (D:15)
  2 manticores
  2 shining eyes
  7 ugly things
  2 salamanders (Snake:1)
  A merfolk siren (Lair:2)
  A naga mage (Snake:1)
  A black mamba (shapeshifter) (D:15)
  24 black mambas
  5 kobold blastminers
  A guardian serpent (Lair:5)
  A freezing wraith (D:14)
  6 cane toads
  2 unseen horrors
  6 komodo dragons
  A rime drake (Lair:5)
  An unseen horror zombie (D:8)
  Psyche (D:9)
  A kobold demonologist (D:12)
  2 efreet
  6 trolls
  3 merfolk (Lair:2)
  3 polar bears
  3 hornets
  11 dream sheep
  A nameless horror (Snake:2)
  12 blink frogs
  14 slime creatures
  A centaur simulacrum (D:15)
  Sigmund (D:2)
  3 black mamba zombies (Snake:1)
  17 wyverns
  46 yaks
  2 wraiths
  5 golden eyes
  A redback (Lair:5)
  A basilisk (D:12)
  2 wargs (Orc:2)
  4 fire bats (Lair:3)
  2 steam dragons
  4 acid dragons
  8 nagas
  20 water moccasins
  26 orc warriors
  A sky beast (D:8)
  A swamp drake (Lair:5)
  2 ice beasts
  2 black bears
  6 laughing skulls (D:14)
  7 ogres
  3 boggarts (D:14)
  8 wolves
  11 centaurs
  4 phantoms
  14 bullfrogs
  7 kobold brigands
  A gnoll sergeant (D:10)
  An elf zombie (Ossuary)
  3 scorpions
  2 wyvern zombies (D:8)
  A warg zombie (Orc:1)
  4 wights (D:8)
  A yak zombie (Lair:4)
  A burial acolyte (Ossuary)
  2 troll zombies
  6 killer bees
  4 howler monkeys
  A lava snake (Lair:3)
  A centaur zombie (D:13)
  A hound (D:4)
  3 human zombies (Ossuary)
  22 orc priests
  A gnoll bouda (D:8)
  A jelly (D:5)
  3 iguanas
  Terence (D:3)
  9 hell rats (Lair:2)
  23 orc wizards
  A crocodile zombie (Ossuary)
  4 naga zombies
  An ogre zombie (Orc:1)
  A bullfrog simulacrum (Ossuary)
  4 hound zombies (Ossuary)
  A boggart simulacrum (D:15)
  3 mummies (Ossuary)
  A howler monkey zombie (D:8)
  Robin (D:3)
  19 gnolls
  15 river rats (Lair:2)
  9 adders
  A shadow imp (D:6)
  2 white imps
  18 orc zombies
  2 adder zombies (Ossuary)
  A ribbon worm (D:2)
  93 orcs
  A bat (D:1)
  4 endoplasms
  2 giant cockroaches
  A gnoll zombie (Ossuary)
  10 goblins
  8 hobgoblins
  2 jackals (D:1)
  6 quokkas
  4 ball python zombies (Ossuary)
  A goblin zombie (D:6)
  7 jackal zombies (Ossuary)
  19 kobolds
  9 kobold zombies
  13 rats
  A rat zombie (D:6)
  A butterfly (Lair:3)
752 creatures vanquished.

Vanquished Creatures (others)
  9 acid blobs
  2 azure jellies (Slime:3)
  6 rockslimes
  A death drake (shapeshifter) (D:14)
  2 glowing orange brains (D:14)
  A glowing orange brain (shapeshifter) (D:14)
  4 ugly thing zombies
  A cyclops (D:12)
  A faun (shapeshifter) (D:14)
  A dire elephant zombie (Lair:3)
  A black mamba (shapeshifter) (D:14)
  A black mamba (Snake:2)
  2 hydra zombies
  A harpy zombie (D:14)
  A blink frog (Lair:5)
  A dream sheep (Lair:5)
  5 black mamba zombies
  12 slime creatures
  A vampire (D:12)
  A yak (Lair:5)
  3 humans (Lair:5)
  2 slime creature zombies
  A golden eye (shapeshifter) (D:14)
  A two-headed ogre zombie (Orc:2)
  A swamp worm (shapeshifter) (D:14)
  2 tengu zombies
  An acid dragon (D:12)
  2 cane toad zombies
  An orc warrior (Orc:2)
  A manticore zombie (D:15)
  3 dream sheep zombies (Lair:5)
  A hornet zombie (Lair:5)
  3 merfolk zombies (Lair:2)
  2 centaurs (D:15)
  A rime drake zombie (Lair:5)
  A komodo dragon zombie (Lair:2)
  2 warg zombies
  3 cyclops zombies
  A scorpion (shapeshifter) (D:14)
  4 wyvern zombies
  5 water moccasin zombies
  2 polar bear zombies
  3 troll zombies
  13 yak zombies
  7 wolf zombies
  2 bullfrog zombies
  9 centaur zombies
  2 basilisk zombies
  A black bear zombie (Lair:3)
  4 orc priests
  64 jellies
  6 orc wizards (Orc:2)
  A killer bee zombie (D:10)
  5 ogre zombies
  A howler monkey zombie (D:14)
  2 hell rat zombies (Lair:2)
  An iguana zombie (Lair:5)
  19 orcs
  2 gnoll zombies (D:8)
  2 goblins (D:14)
  13 kobold zombies
  52 orc zombies
  A rat zombie (Lair:2)
  80 blazeheart cores
387 creatures vanquished.

Grand Total: 1302 creatures vanquished

Notes
Turn   | Place    | Note
-------+----------+-------------------------------------------
     0 | D:1      | fasolt the Felid Summoner began the quest for the Orb.
     0 | D:1      | Reached XP level 1. HP: 9/9 MP: 4/4
   312 | D:1      | Reached XP level 2. HP: 13/13 MP: 3/6
   315 | D:1      | Learned a level 2 spell: Call Imp
   629 | D:1      | Reached XP level 3. HP: 14/16 MP: 5/8
   633 | D:1      | Learned a level 3 spell: Call Canine Familiar
   793 | D:2      | Found a bloodstained altar of Trog.
  1091 | D:2      | Reached XP level 4. HP: 19/21 MP: 1/9
  1091 | D:2      | Gained a life (2 lives remaining)
  1207 | D:2      | Noticed Sigmund
  1222 | D:2      | Killed Sigmund
  1223 | D:2      | Reached skill level 5 in Summonings
  1223 | D:2      | Reached XP level 5. HP: 24/24 MP: 2/12
  1236 | D:2      | Learned a level 4 spell: Summon Blazeheart Golem
  1784 | D:3      | Noticed Robin
  1801 | D:3      | Killed Robin
  1987 | D:3      | Found a faded altar of an unknown god.
  2118 | D:3      | Noticed Terence
  2150 | D:3      | Killed Terence
  2151 | D:3      | Reached skill level 1 in Fire Magic
  2151 | D:3      | Gained mutation: You are covered in thick fur. (AC +2)
                  | [Felid growth]
  2151 | D:3      | Reached XP level 6. HP: 28/28 MP: 4/13
  2691 | D:3      | Found a radiant altar of Vehumet.
  3265 | D:4      | Learned a level 4 spell: Summon Lightning Spire
  3311 | D:4      | Found a snail-covered altar of Cheibriados.
  3343 | D:4      | Reached skill level 1 in Air Magic
  3343 | D:4      | Reached XP level 7. HP: 16/32 MP: 1/15
  3786 | D:5      | Entered Level 5 of the Dungeon
  4109 | D:5      | Reached skill level 5 in Spellcasting
  4361 | D:5      | Found Igastroaru's Overcharged Wands.
  4376 | D:5      | Reached XP level 8. HP: 36/36 MP: 12/16
  4611 | D:6      | Found a staircase to the Ecumenical Temple.
  4625 | Temple   | Entered the Ecumenical Temple
  4631 | Temple   | Became a worshipper of Kikubaaqudgha
  4655 | D:6      | Found a sand-covered staircase.
  4664 | Ossuary  | Entered an ossuary
  5127 | Ossuary  | Reached * piety under Kikubaaqudgha
  5127 | Ossuary  | Received a gift from Kikubaaqudgha
  5143 | Ossuary  | Reached skill level 1 in Fighting
  5589 | D:6      | Found a stormy altar of Qazlal.
  5630 | D:6      | Noticed Jeremiah
  5720 | D:6      | Killed Jeremiah
  5721 | D:6      | Reached skill level 5 in Fire Magic
  5721 | D:6      | Reached XP level 9. HP: 35/42 MP: 6/18
  6063 | D:6      | Reached ** piety under Kikubaaqudgha
  6197 | D:6      | Found a hazy altar of Hepliaklqana.
  6470 | D:7      | Reached skill level 5 in Stealth
  6505 | D:7      | Reached skill level 5 in Air Magic
  6599 | D:7      | Learned a level 4 spell: Animate Dead
  6616 | D:7      | Identified the scarf of Asiattoph {harm, rPois rF+ Dex-4}
  6739 | D:7      | Reached skill level 5 in Dodging
  7088 | D:7      | Reached skill level 1 in Necromancy
  7585 | D:8      | Slain by a wight
  7585 | D:8      | Lost a life (1 life remaining)
  7718 | D:8      | Reached skill level 2 in Necromancy
  7842 | D:8      | Found an opulent altar of Gozag.
  8131 | D:8      | Reached XP level 10. HP: 49/49 MP: 16/20
  8131 | D:8      | Gained a life (2 lives remaining)
  8315 | D:8      | Reached *** piety under Kikubaaqudgha
  8315 | D:8      | Received a gift from Kikubaaqudgha
  9035 | D:9      | Found a flagged portal.
  9041 | Bailey   | Entered a bailey
  9549 | D:9      | Reached skill level 3 in Necromancy
  9579 | D:9      | Gained mutation: Your magical capacity is low. (-10% MP)
                  | [potion of mutation]
  9579 | D:9      | Gained mutation: You are strong-willed. (Will+) [potion of
                  | mutation]
  9579 | D:9      | Gained mutation: Your system is resistant to poisons.
                  | (rPois) [potion of mutation]
  9618 | D:9      | Reached **** piety under Kikubaaqudgha
  9865 | D:9      | Noticed Psyche
  9874 | D:9      | Killed Psyche
 10433 | D:10     | Entered Level 10 of the Dungeon
 10626 | D:10     | Reached skill level 5 in Fighting
 10690 | D:10     | Found a staircase to the Orcish Mines.
 10691 | D:10     | Noticed Fannar
 10707 | D:10     | Killed Fannar
 10708 | D:10     | Reached skill level 4 in Necromancy
 10916 | D:10     | Noticed Sonja
 10927 | D:10     | Reached XP level 11. HP: 56/56 MP: 16/20
 10944 | D:10     | Killed Sonja
 11380 | D:10     | Found a runed translucent door.
 11386 | D:10     | Noticed an orc knight
 11462 | D:10     | Learned a level 6 spell: Death Channel
 12135 | D:11     | Found a staircase to the Lair.
 12148 | Lair:1   | Entered Level 1 of the Lair of Beasts
 12289 | Lair:1   | Reached skill level 5 in Necromancy
 12637 | Lair:1   | Reached ***** piety under Kikubaaqudgha
 13042 | Lair:1   | Noticed a four-headed hydra
 13051 | Lair:1   | HP: 2/58 [four-headed hydra (1)]
 13055 | Lair:1   | Slain by a four-headed hydra
 13055 | Lair:1   | Lost a life (1 life remaining)
 13073 | Lair:1   | Reached skill level 10 in Stealth
 13087 | Lair:1   | Killed a four-headed hydra
 13427 | Lair:2   | Noticed a boulder beetle
 13427 | Lair:2   | Found a hide-covered altar of Uskayaw.
 13427 | Lair:2   | Found an ornate altar of the Wu Jian Council.
 13455 | Lair:2   | Killed a boulder beetle
 13470 | Lair:2   | Gained mutation: Your thick and shaggy fur keeps you warm.
                  | (AC +3, rC+) [Felid growth]
 13470 | Lair:2   | Reached XP level 12. HP: 29/62 MP: 4/22
 13470 | Lair:2   | Gained a life (2 lives remaining)
 13628 | Lair:2   | Reached skill level 6 in Necromancy
 14219 | Lair:2   | Found a staircase to the Snake Pit.
 14409 | Lair:2   | Found a staircase to the Shoals.
 14439 | Lair:2   | Reached skill level 10 in Dodging
 14829 | Lair:2   | Reached skill level 10 in Summonings
 15760 | Lair:3   | Noticed a dire elephant
 15777 | Lair:3   | Killed a dire elephant
 15785 | Lair:3   | Reached skill level 7 in Necromancy
 16107 | Lair:3   | Reached ****** piety under Kikubaaqudgha
 16108 | Lair:3   | Received a gift from Kikubaaqudgha (forbidden knowledge)
 16115 | Lair:3   | Learned a level 5 spell: Borgnjor's Vile Clutch
 16283 | Lair:3   | Noticed a five-headed hydra
 16296 | Lair:3   | Killed a five-headed hydra
 16406 | Lair:3   | Reached skill level 1 in Earth Magic
 16780 | Lair:4   | Reached XP level 13. HP: 69/69 MP: 24/24
 17347 | Lair:4   | Reached skill level 8 in Necromancy
 18110 | Lair:5   | Entered Level 5 of the Lair of Beasts
 18332 | Lair:5   | Reached skill level 10 in Spellcasting
 18496 | Lair:5   | Reached skill level 5 in Earth Magic
 18783 | Lair:5   | Reached skill level 9 in Necromancy
 18800 | Lair:5   | Noticed Kirke
 18808 | Lair:5   | Killed Kirke
 18840 | Lair:5   | Reached skill level 10 in Fighting
 19091 | Lair:5   | Reached XP level 14. HP: 46/77 MP: 23/26
 19472 | Lair:5   | Found a viscous altar of Jiyva.
 19472 | Lair:5   | Found a staircase to the Slime Pits.
 19902 | Lair:5   | Reached skill level 10 in Necromancy
 20208 | Slime:1  | Entered Level 1 of the Pits of Slime
 20405 | Slime:3  | Noticed a rockslime
 20415 | Slime:3  | Killed a rockslime
 20545 | Slime:4  | Noticed an azure jelly
 20550 | Slime:4  | Gained mutation: You are frail. (-10% HP) [a shining eye]
 20551 | Slime:4  | Gained mutation: You occasionally lose the ability to drink
                  | potions when taking damage. [a shining eye]
 20552 | Slime:4  | Killed an azure jelly
 20564 | Slime:4  | Noticed an azure jelly
 20564 | Slime:4  | Noticed an azure jelly
 20571 | Slime:4  | Noticed a quicksilver ooze
 20572 | Slime:4  | Killed an azure jelly
 20577 | Slime:4  | Killed a quicksilver ooze
 20592 | Slime:4  | Killed an azure jelly
 20593 | Slime:4  | Reached skill level 11 in Necromancy
 20657 | Slime:4  | Noticed a rockslime
 20657 | Slime:4  | Noticed a quicksilver ooze
 20668 | Slime:4  | Killed a quicksilver ooze
 20878 | Lair:5   | Fell from the grace of Kikubaaqudgha
 20878 | Lair:5   | Became a worshipper of Jiyva Jygim the Shapeless
 21083 | Orc:1    | Entered Level 1 of the Orcish Mines
 21132 | Orc:1    | Found Pess's Distillery.
 21275 | Orc:1    | Bought a potion of heal wounds for 55 gold pieces
 21275 | Orc:1    | Bought a potion of haste for 110 gold pieces
 21275 | Orc:1    | Bought a potion of heal wounds for 55 gold pieces
 21275 | Orc:1    | Bought a potion of might for 44 gold pieces
 21361 | Orc:2    | Entered Level 2 of the Orcish Mines
 21361 | Orc:2    | Found a staircase to the Elven Halls.
 21646 | Orc:2    | Noticed Donald
 21782 | Orc:2    | Learned a level 8 spell: Infestation
 22363 | Orc:2    | Found Afias's General Store.
 22582 | Orc:2    | Found Waviapp's Weapon Shop.
 22613 | Orc:2    | Killed Donald
 22751 | Orc:2    | Reached skill level 12 in Necromancy
 22779 | Orc:2    | Reached * piety under Jiyva
 23043 | Orc:2    | Noticed an orc warlord
 23082 | Orc:2    | Killed an orc warlord
 23148 | Orc:2    | Found Izoetha's Antique Weapon Emporium.
 23149 | Orc:2    | Found Moumohesm's Antique Armour Shoppe.
 23245 | Orc:2    | Bought a potion of experience for 650 gold pieces
 23297 | Orc:1    | Found Tinwir's General Store.
 23299 | Orc:1    | Found Biperieh's Specific Store.
 23740 | Orc:1    | Reached XP level 15. HP: 50/72 MP: 19/29
 23970 | Orc:1    | Reached ** piety under Jiyva
 24167 | D:11     | Noticed Maurice
 24180 | D:11     | Maurice stole a +6 ring of dexterity
 24203 | D:11     | Killed by an exploding blazeheart core
 24203 | D:11     | Lost a life (1 life remaining)
 24204 | D:11     | Killed Maurice
 24219 | D:11     | Found a portal to a secret trove of treasure.
 24954 | D:12     | Reached *** piety under Jiyva
 25196 | D:13     | Got the Secrets of Energetic Hail
 25324 | D:13     | Reached skill level 13 in Necromancy
 25371 | D:13     | Shot with an arrow by a centaur warrior
 25371 | D:13     | Lost a life (0 lives remaining)
 25712 | D:13     | Noticed Erolcha
 25742 | D:13     | Killed Erolcha
 25772 | D:13     | Your ally Erolcha died
 25989 | D:13     | Reached XP level 16. HP: 56/56 MP: 31/31
 25989 | D:13     | Gained a life (1 life remaining)
 25990 | D:13     | Reached skill level 14 in Necromancy
 25990 | D:13     | Reached XP level 17. HP: 60/60 MP: 32/32
 25990 | D:13     | Gained a life (2 lives remaining)
 25999 | D:13     | Learned a level 7 spell: Haunt
 26045 | D:14     | Gained mutation: Your flesh is cold resistant. (rC+)
                  | [Jiyva's grace]
 26045 | D:14     | Gained mutation: Your flesh is very cold resistant. (rC++)
                  | [Jiyva's grace]
 26045 | D:14     | Gained mutation: Your flesh is almost immune to the effects
                  | of cold. (rC+++) [Jiyva's grace]
 26045 | D:14     | Gained mutation: You are highly strong-willed. (Will++)
                  | [Jiyva's grace]
 26046 | D:14     | Lost mutation: You are highly strong-willed. (Will++)
                  | [potion of mutation]
 26046 | D:14     | Lost mutation: You are strong-willed. (Will+) [potion of
                  | mutation]
 26046 | D:14     | Lost mutation: Your system is resistant to poisons. (rPois)
                  | [potion of mutation]
 26046 | D:14     | Gained mutation: You are occasionally teleported next to
                  | monsters. [potion of mutation]
 26046 | D:14     | Gained mutation: You have a pair of small horns on your
                  | head. [potion of mutation]
 26047 | D:14     | Lost mutation: Your flesh is almost immune to the effects
                  | of cold. (rC+++) [potion of mutation]
 26047 | D:14     | Lost mutation: You occasionally lose the ability to drink
                  | potions when taking damage. [potion of mutation]
 26048 | D:14     | Lost mutation: You are occasionally teleported next to
                  | monsters. [potion of mutation]
 26048 | D:14     | Lost mutation: Your flesh is very cold resistant. (rC++)
                  | [potion of mutation]
 26048 | D:14     | Gained mutation: You are very frail. (-20% HP) [potion of
                  | mutation]
 26049 | D:14     | Lost mutation: You have a pair of small horns on your head.
                  | [potion of mutation]
 26049 | D:14     | Lost mutation: Your flesh is cold resistant. (rC+) [potion
                  | of mutation]
 26049 | D:14     | Lost mutation: You are very frail. (-20% HP) [potion of
                  | mutation]
 26049 | D:14     | Gained mutation: You are agile. (Dex +4, Str/Int -1)
                  | [potion of mutation]
 26049 | D:14     | Gained mutation: Your natural rate of healing is unusually
                  | fast. [potion of mutation]
 26049 | D:14     | Gained mutation: You are very frail. (-20% HP) [potion of
                  | mutation]
 26049 | D:14     | Gained mutation: You have hidden genetic potential. [potion
                  | of mutation]
 26089 | D:14     | Reached skill level 15 in Necromancy
 26138 | D:14     | Found Faoblal's General Store.
 26230 | D:14     | Reached **** piety under Jiyva
 26443 | D:14     | Found a runed translucent gate.
 26444 | D:14     | Found a runed translucent gate.
 26444 | D:14     | Found a runed translucent gate.
 26455 | D:14     | Found a broken altar of Ashenzari.
 26503 | D:14     | Found an iron altar of Okawaru.
 26815 | D:15     | Entered Level 15 of the Dungeon
 27112 | D:15     | Reached ***** piety under Jiyva
 27266 | D:15     | Reached skill level 16 in Necromancy
 27491 | D:15     | Found a staircase to the Depths.
 27787 | Snake:1  | Entered Level 1 of the Snake Pit
 27835 | Snake:1  | Lost mutation: You are very frail. (-20% HP) [Jiyva's
                  | grace]
 27835 | Snake:1  | Lost mutation: You are frail. (-10% HP) [Jiyva's grace]
 27835 | Snake:1  | Lost mutation: You have hidden genetic potential. [Jiyva's
                  | grace]
 27835 | Snake:1  | Gained mutation: You are strong-willed. (Will+) [Jiyva's
                  | grace]
 27835 | Snake:1  | Gained mutation: You are highly strong-willed. (Will++)
                  | [Jiyva's grace]
 27835 | Snake:1  | Gained mutation: You are extremely strong-willed. (Will+++)
                  | [Jiyva's grace]
 27835 | Snake:1  | Gained mutation: Your melee attacks may engulf your foes in
                  | ooze. [Jiyva's grace]
 28225 | Snake:1  | Reached skill level 17 in Necromancy
 28231 | Snake:1  | Killed by the malice of Kikubaaqudgha
 28231 | Snake:1  | Lost a life (1 life remaining)
 28232 | Snake:1  | Reached XP level 18. HP: 93/93 MP: 33/33
 28571 | Snake:1  | Reached skill level 18 in Necromancy
 28695 | Snake:1  | Lost strength.
 29155 | Snake:2  | Found an iron altar of Okawaru.
 29176 | Snake:2  | Identified the serpent talisman of Waomeez {rC+ rCorr
                  | Int+4}
 29176 | Snake:2  | Noticed Aizul
 29181 | Snake:2  | Killed from afar by Aizul
 29181 | Snake:2  | Lost a life (0 lives remaining)
 29225 | Snake:2  | Killed Aizul
 29226 | Snake:2  | Killed by miscasting Infestation

Illustrated notes

Levels and vault maps discovered:
D:1:      minmay_arrival_hallway, layout_basic
D:2:      layout_basic, basic_altar, grunt_decor_arrowhead,
          minmay_three_crescents, uniq_sigmund
D:3:      layout_basic, lemuel_coloured_pillars_altar,
          shapermc_ecumenical_altar_notcrosses, dreamdust_wishing_well,
          uniq_terence, uniq_robin
D:4:      layout_basic, mainiacjoe_overflow_cross_hatched, minivault_4
D:5:      layout_gridville, nicolae_shop_overcharged_wands
D:6:      layout_loops_ring, lemuel_crystal_altar, mainiacjoe_overflow_brackets,
          temple_fountains, enter_ossuary_4, grunt_decor_mini_mirrors,
          uniq_jeremiah
D:7:      layout_cave_pods
D:8:      layout_gridville, grunt_gozag_breadcrumbs, serial_undead,
          serial_undead_f, serial_undead_c, serial_undead_e, serial_undead_a,
          minmay_gold_behind_fungi
D:9:      layout_basic, enter_bailey_3, hangedman_fish_farm, uniq_psyche
D:10:     layout_big_octagon, erik_orc_3, minmay_st_funbox, uniq_sonja,
          uniq_fannar
D:11:     layout_roguey, david_lair_shrubbed, enter_trove_1, uniq_maurice
D:12:     layout_cave_pools
D:13:     layout_loops_ring, david_vaults_5, uniq_erolcha
D:14:     layout_stronghold, nicolae_ashenzari_skybound,
          ploomutoo_gammafunk_ghost_potion_laboratory, serial_shops, shop,
          kennysheep_okawaru_gauntlet
D:15:     grunt_enter_depths_snipers, layout_basic,
          serial_library_hellmonk_reading_circle
Temple:   sentei_temple_godly_chess
Lair:1:   layout_small_grid, grunt_megastairs_2, lemuel_fruit_fields,
          infiniplex_staircase_pool_2
Lair:2:   lemuel_ratsnest, layout_cellular_growth, elwin_shoals_entry_stream,
          guppyfry_snake_entry_garden, nzn_masters_of_martial_movement
Lair:3:   layout_gridlike, nicolae_lair_grazing_beasts
          [nicolae_sub_lair_graze_edge, nicolae_sub_lair_graze_edge,
          nicolae_sub_lair_graze_edge, nicolae_sub_lair_graze_edge],
          lemuel_fruit_fields, serial_bayou_shore_a
Lair:4:   layout_cave_pods, grunt_megastairs_5
Lair:5:   guppyfry_lair_end_dragon, layout_layer_cave,
          hangedman_lair_tendril_chambers, dpeg_slime_entry_enclosed, uniq_kirke
Snake:1:  layout_basic
Snake:2:  layout_misc_corridors, basic_altar, uniq_aizul
Slime:1:  cheibrodos_slime_lost_civilization_1, layout_caves
Slime:2:  layout_caves
Slime:3:  layout_caves, cheibrodos_slime_lost_civilization_5
Slime:4:  layout_caves, cheibrodos_slime_lost_civilization_4
Orc:1:    layout_diamond_mine, serial_shops, nicolae_shop_industrial_runoff,
          nicolae_specific_store, minmay_orc_temple_c
Orc:2:    grunt_orc_community_town_hall, layout_diamond_mine,
          grunt_orc_community_big_house_1, grunt_orc_community_big_house_2,
          grunt_orc_community_house_3, grunt_orc_community_house_2,
          grunt_orc_community_house_2, grunt_orc_community_house_1,
          grunt_orc_community_house_1, grunt_orc_community_house_3, uniq_donald

Skill      XL: |  1  2  3  4  5  6  7  8  9 10 11 12 13 14 15 16 17 18 |
---------------+-------------------------------------------------------+-----
Spellcasting   | 3 4 5 6 7 8 9 10 12 14 | 14.0
Summonings     | 5 6 7 8 9 10 11 | 11.0
Fire Magic     | 1 2 3 5 |  5.0
Air Magic      | 1 2 4 5 |  5.0
Dodging        | 4 5 7 9 10 | 10.0
Stealth        | 4 6 8 10 | 10.0
Fighting       | 2 3 5 6 8 10 | 10.0
Necromancy     | 2 4 5 7 9 12 13 14 17 18 | 18.7
Earth Magic    | 2 6 |  6.0

Action                     |  1- 3 |  4- 6 |  7- 9 | 10-12 | 13-15 | 16-18 || total
---------------------------+-------+-------+-------+-------+-------+-------++-------
  Melee: Unarmed           |    41 |    47 |    24 |    49 |   147 |    19 ||   327
         Bite              |     5 |     5 |     5 |    13 |    26 |     4 ||    58
         Punch             |     1 |       |       |     2 |       |       ||     3
   Cast: Summon Small Mamm |     7 |       |     1 |     1 |       |       ||     9
         Call Imp          |     6 |     4 |       |       |       |       ||    10
         Call Canine Famil |     7 |    17 |     4 |     2 |     1 |       ||    31
         Summon Blazeheart |       |     4 |    26 |    44 |    69 |     3 ||   146
         Summon Lightning  |       |       |    48 |   112 |   164 |    14 ||   338
         Animate Dead      |       |       |     1 |    24 |    54 |     8 ||    87
         Death Channel     |       |       |       |     1 |    64 |    11 ||    76
         Borgnjor's Vile C |       |       |       |       |    40 |    27 ||    67
         Haunt             |       |       |       |       |       |    65 ||    65
         Infestation       |       |       |       |       |       |    47 ||    47
 Invoke: Receive Forbidden |       |       |       |     1 |       |       ||     1
         Unearth Wretches  |       |       |       |       |    15 |       ||    15
         Oozemancy         |       |       |       |       |       |     1 ||     1
         Slimify           |       |       |       |       |       |     1 ||     1
    Use: Potion            |       |     1 |     2 |     3 |     4 |     9 ||    19
         Scroll            |       |       |    10 |    11 |    10 |     3 ||    34
   Stab: Sleeping          |     3 |     3 |       |     3 |       |       ||     9
         Distracted        |       |       |     2 |       |     7 |     3 ||    12
         Betrayed ally     |       |       |     1 |       |       |       ||     1
         Paralysed         |       |       |       |       |     6 |       ||     6
 Armour: Skin              |    15 |    20 |    26 |    85 |   138 |    48 ||   332
  Dodge: Dodged            |    39 |    48 |    78 |   162 |   342 |    90 ||   759
